 Dungeon Crawl Stone Soup version 0.26-a0-651-gb41185065b (webtiles) character file.

Game seed: 18378969715323256551

105 Ozzies the Skirmisher (level 4, -4/29 HPs)
             Began as a Gargoyle Fighter on Oct 3, 2020.
             Killed by divine providence
             ... invoked by an orc priest
              (11 damage)
             ... on level 2 of the Dungeon.
             The game lasted 00:05:09 (2630 turns).

Ozzies the Skirmisher (Gargoyle Fighter)            Turns: 2630, Time: 00:05:09

Health: -4/29      AC: 10    Str: 21    XL:     4   Next: 81%
Magic:  4/4        EV:  7    Int:  8    God:
Gold:   87         SH:  9    Dex:  9    Spells: 3/3 levels left

rFire    . . .     SeeInvis .   f - +0 whip
rCold    . . .     Faith    .   c - +0 kite shield
rNeg     + . .     Spirit   .   b - +0 scale mail
rPois    ∞         Reflect  .   (no helmet)
rElec    +         Harm     .   (no cloak)
rCorr    .         Rampage  .   (no gloves)
MR       .....                  (no boots)
Stlth    ..........             k - amulet of the acrobat
HPRegen  0.09/turn              (no ring)
MPRegen  0.09/turn              (no ring)

@: no status effects
A: negative energy resistance 1, electricity resistance, unbreathing,
petrification resistance, rot immunity, AC +3
a: no special abilities


You were on level 2 of the Dungeon.
You visited 1 branch of the dungeon, and saw 3 of its levels.

You collected 87 gold pieces.

Inventory:

Hand Weapons
 a - a +0 flail
 f - a +0 whip (weapon)
Missiles
 h - 57 stones (quivered)
Armour
 b - a +0 scale mail (worn)
 c - a +0 kite shield (worn)
Jewellery
 k - an amulet of the acrobat (around neck)
Scrolls
 e - a scroll of remove curse
 i - 2 scrolls of identify {unknown}
 l - a scroll of fear {unknown}
 m - a scroll of enchant armour {unknown}
 o - a scroll of random uselessness {unknown}
Potions
 d - a potion of might
 g - a potion of flight {unknown}
 j - a potion of curing {unknown}
 n - a potion of resistance {unknown}


   Skills:
 * Level 4.1 Fighting
 + Level 3.0 Maces & Flails
 - Level 4.0 Armour
 - Level 0.2 Dodging
 + Level 0.1 Stealth
 - Level 4.0 Shields


You had 3 spell levels left.
You didn't know any spells.
Your spell library was empty.

Dungeon Overview and Level Annotations

Branches:
Dungeon (3/15)

Altars:
Ashenzari
Kikubaaqudgha
Qazlal


Innate Abilities, Weirdness & Mutations

You are resistant to torment.
Your stone body is resilient. (AC +3)
You are immune to poison.
You resist negative energy. (rN+)
You are resistant to electric shocks. (rElec)
You can survive without breathing.
You are immune to petrification.
You are immune to rotting.


Message History

There is a stone staircase leading down here.
You completely miss the orc priest.
The orc priest is moderately wounded.
You block the orc priest's attack. The orc barely misses you.
You closely miss the orc priest.
The orc priest is moderately wounded.
You block the orc priest's attack. The orc hits you with a +0 hand axe.
* * * LOW HITPOINT WARNING * * *
You hit the orc priest.
The orc priest is moderately wounded.
You block the orc's attack.
You hit the orc priest.
The orc priest is heavily wounded.
The orc priest completely misses you.
You hit the orc priest.
The orc priest is heavily wounded.
The orc hits you but does no damage.
The orc priest invokes the aid of Beogh against you.
Beogh smites you!
You die...

#..#.##
##.......###.##....# #.
#.##.# ##..†..##
#.####### #. #.##.#
##...## #.# ## .....#
##'## #.# # #.#### #.#
#.# # #.# #.# #.# # #.#
##.######.# # #.#####
##...o.....# #
......######....@######
# #.###...........o.# #
### ##########.#.## #
##### #


You could see an orc priest and an orc.

Vanquished Creatures
  3 adders (D:2)
  2 oozes
  A worm (D:2)
  4 dart slugs
  3 leopard geckos
  6 bats
  4 giant cockroaches
  3 goblins
  5 hobgoblins
  8 jackals (D:1)
  6 kobolds
  A quokka (D:2)
  4 frilled lizards
  3 rats (D:1)
  2 toadstools (D:1)
55 creatures vanquished.

Vanquished Creatures (others)
  2 toadstools (D:1)
2 creatures vanquished.

Grand Total: 57 creatures vanquished

Notes
Turn   | Place    | Note
-------+----------+-------------------------------------------
     0 | D:1      | Ozzies the Gargoyle Fighter began the quest for the Orb.
     0 | D:1      | Reached XP level 1. HP: 14/14 MP: 1/1
   332 | D:1      | Reached XP level 2. HP: 19/19 MP: 2/2
   904 | D:1      | Reached XP level 3. HP: 21/23 MP: 3/3
  1647 | D:2      | Found a stormy altar of Qazlal.
  1851 | D:2      | Reached XP level 4. HP: 27/29 MP: 4/4
  1914 | D:2      | Found a broken altar of Ashenzari.
  2138 | D:2      | Found an ancient bone altar of Kikubaaqudgha.
  2630 | D:2      | Killed from afar by an orc priest

Illustrated notes

Levels and vault maps discovered:
D:1:      ldierk_water_garden, layout_basic, serial_glass, glass_columns_a,
          glass_columns_b
D:2:      layout_loops_corners, lemuel_crystal_altar,
          nicolae_overflow_crystal_walls, ashenzari_conservatory_becter
D:3:      layout_rooms, cheibriados_altar_1, vehumet_crystals,
          makhleb_heckhound_becter

Skill      XL: |  1  2  3  4 |
---------------+-------------+-----
Armour         | 4 |  4.0
Fighting       | 4 |  4.1
Maces & Flails | 3 |  3.0
Shields        | 4 |  4.0
Dodging        | |  0.2
Stealth        | |  0.1

Action                   |  1- 3 |  4- 6 || total
-------------------------+-------+-------++-------
Melee: Flail             |    97 |       ||    97
       Mace              |    39 |       ||    39
       Whip              |    63 |    92 ||   155
  Use: Scroll            |     1 |       ||     1
Armor: Scale mail        |   129 |    21 ||   150
Dodge: Dodged            |    83 |    29 ||   112
Block: Kite shield       |   117 |    45 ||   162

Table legend: (Time is in decaauts)
 A = Elapsed time spent in this place.
 B = Non-inter-level travel time spent in this place.
 C = Inter-level travel time spent in this place.
 D = Time resting spent in this place.
 E = Time spent auto-exploring this place.
 F = Levels seen in this place.
 G = Mean time per level.
                   A        B        C        D        E       F      G
               +--------+--------+--------+--------+--------+-----+--------+
         Total |   2685 |   2650 |     35 |    100 |   2031 |   3 |  895.0 |
       Dungeon |   2685 |   2650 |     35 |    100 |   2031 |   3 |  895.0 |
               +--------+--------+--------+--------+--------+-----+--------+

Top non-repeatable levels by time:
     D:1: 1638 daAuts
     D:2: 1044 daAuts
     D:3: 3 daAuts
